 Seeded DCSS version 0.30-a0-956-gcec3b41aec (webtiles) character file.

Game seed: 3125986916090331667 (custom seed)

0 Parcival the Sneak (level 1, -1/12 HPs)
             Began as a Kobold Brigand on Mar 29, 2023.
             Succumbed to an adder's poison
             ... on level 2 of the Dungeon.
             The game lasted 00:01:02 (120 turns).

Parcival the Sneak (Kobold Brigand)                  Turns: 120, Time: 00:01:03

Health: -1/12      AC:  5    Str:  8    XL:     1   Next: 11%
Magic:  1/1        EV: 14    Int: 16    God:
Gold:   0          SH:  0    Dex: 14    Spells: 0/0 levels left

rFire   . . .      SeeInvis .    a - +2 dagger
rCold   . . .      Faith    .    (no shield)
rNeg    . . .      Spirit   .    b - +0 robe
rPois   .          Reflect  .    (no helmet)
rElec   .          Rampage  .    f - +2 cloak of Hairiness {Int+4 Dex-2}
rCorr   .                        (no gloves)
Will    .....                    (no boots)
Stlth   ++++                     (no amulet)
HPRegen 0.22/turn                (no ring)
MPRegen 0.07/turn                (no ring)

@: lethally poisoned (-1 -> -8)
A: small, no large weapons, nightstalker 3
a: no special abilities


You were on level 2 of the Dungeon.
You visited 1 branch of the dungeon, and saw 2 of its levels.

Inventory:

Hand Weapons
 a - a +2 dagger (weapon)
Missiles
 d - 9 poisoned darts (quivered)
 e - 3 curare-tipped darts
Armour
 b - a +0 robe (worn)
 c - a +0 cloak
 f - the +2 cloak of Hairiness (worn) {Int+4 Dex-2}
   (You acquired it on level 1 of the Dungeon)

   Int:       It affects your intelligence (+4).
   Dex:       It affects your dexterity (-2).
Scrolls
 g - a scroll of teleportation {unknown}


   Skills:
 + Level 2.1 Fighting
 + Level 2.8 Short Blades
 + Level 2.1 Throwing
 + Level 1.2 Dodging
 + Level 5.3 Stealth


You couldn't memorise any spells.
You didn't know any spells.
Your spell library was empty.

Dungeon Overview and Level Annotations

Branches:
Dungeon (2/15)

Altars:


Innate Abilities, Weirdness & Mutations

You are small and have problems with some larger weapons.
You are completely attuned to the shadows.


Message History

Found 6 stones.
You see here 6 stones.
An adder comes into view.
A kobold comes into view. It is wielding a +0 short sword.
Found a stone staircase leading up.
The adder hisses angrily.
The kobold shouts!
The adder bites you. The adder attacks as you move away!
The adder closely misses you.
A dart slug and a giant cockroach come into view.
The adder barely misses you. The adder barely misses you.
You barely miss the dart slug. The adder barely misses you.
The adder attacks as you move away! The adder closely misses you.
The dart slug misses you. The adder bites you but does no damage.
The adder attacks as you move away! The adder closely misses you.
The adder attacks as you move away! The adder bites you.
You are poisoned.
The adder poisons you!
You feel sick. The adder barely misses you.
You feel sick. The adder misses you. The dart slug launches a dart at you.
The slug dart hits you.
You feel sick.
You feel sick. The adder barely misses you.
You feel sick.
You are no longer poisoned.
The adder bites you.
* * * LOW HITPOINT WARNING * * *
The adder completely misses you. The adder attacks as you move away!
The adder bites you but does no damage. The adder bites you but does no damage.
The adder bites you but does no damage.
Found 2 gold pieces.
The adder completely misses you. The adder bites you but does no damage.
The adder attacks as you move away! The adder bites you.
* * * LOW HITPOINT WARNING * * *
You are lethally poisoned!
The adder poisons you!
You die...

#. .. #.###..
###..$..# ........#
#@.# # #..#
#.#######S.#
#....w.K...#
#..#.#####.##.# #.
#.# #.##.#
#..#w#####.##.#
#.............### .
.......w........#.#


You could see an adder.

Vanquished Creatures
  A goblin (D:1)
1 creature vanquished.

Notes
Turn   | Place    | Note
-------+----------+-------------------------------------------
     0 | D:1      | Parcival the Kobold Brigand began the quest for the Orb.
     0 | D:1      | Reached XP level 1. HP: 12/12 MP: 1/1
    19 | D:1      | Identified a scroll of acquirement
    19 | D:1      | Acquired the +2 cloak of Hairiness {Int+4 Dex-2}
   120 | D:2      | Succumbed to an adder's poison

Illustrated notes

Levels and vault maps discovered:
D:1:      amcnicky_arrival_single_pillar, layout_loops_cross,
          hangedman_glass_garden
D:2:      layout_loops_ring, dk_vineyard_1, uniq_natasha

Action                     || total
---------------------------++-------
  Melee: Dagger            ||     2
    Use: Scroll            ||     1
 Armour: Robe              ||     5
  Dodge: Dodged            ||    12

Table legend: (Time is in decaauts)
 A = Elapsed time spent in this place.
 B = Non-inter-level travel time spent in this place.
 C = Inter-level travel time spent in this place.
 D = Time resting spent in this place.
 E = Time spent auto-exploring this place.
 F = Levels seen in this place.
 G = Mean time per level.
                   A        B        C        D        E       F      G
               +--------+--------+--------+--------+--------+-----+--------+
         Total |    119 |    119 |      0 |      0 |     31 |   2 |   59.5 |
       Dungeon |    119 |    119 |      0 |      0 |     31 |   2 |   59.5 |
               +--------+--------+--------+--------+--------+-----+--------+

Top non-repeatable levels by time:
     D:2: 75 daAuts
     D:1: 43 daAuts
